 Dungeon Crawl Stone Soup version 0.29-a0-323-g050149af67 (webtiles) character file.

Game seed: 8159475210190768227

52 quinnr the Gusty (level 3, -2/28 HPs)
             Began as a Tengu Air Elementalist on Apr 10, 2022.
             Slain by a kobold brigand
             ... wielding a +2 short sword of protection
              (8 damage)
             ... in a sewer.
             The game lasted 00:04:03 (2255 turns).

quinnr the Gusty (Tengu Air Elementalist)           Turns: 2255, Time: 00:04:04

Health: -2/28      AC: 21    Str:  8    XL:     3   Next: 85%
Magic:  0/7        EV:  2    Int: 17    God:
Gold:   121        SH:  0    Dex: 14    Spells: 3/6 levels left

rFire   . . .      SeeInvis .   j - +0 dagger (freeze)
rCold   + . .      Faith    .   (no shield)
rNeg    . . .      Spirit   .   (body armour currently unavailable)
rPois   +          Reflect  .   (helmet currently unavailable)
rElec   .          Harm     .   (cloak currently unavailable)
rCorr   .          Rampage  .   (gloves currently unavailable)
Will    .....      NoTele   +   (boots unavailable)
Stlth   ++........              (no amulet)
HPRegen 0.09/turn               h - ring of protection from cold
MPRegen 0.10/turn               g - +4 ring of evasion

@: tree-form
A: stationary, stasis, torment immunity, boosted hp, (beak), (talons 3)
a: no special abilities


You were in a sewer.
You were a tree.
You visited 1 branch of the dungeon, and saw 3 of its levels.
You also visited: Sewer.

You collected 121 gold pieces.

Inventory:

Hand Weapons
 j - a +0 dagger of freezing (weapon)
Armour
 a - a +0 robe (melded)
Jewellery
 g - a +4 ring of evasion (right branch)
 h - a ring of protection from cold (left branch)
Scrolls
 f - a scroll of silence
 k - a scroll of fear
Potions
 b - a potion of magic
 c - 2 potions of curing {unknown}
 d - a potion of mutation {unknown}
 l - a potion of brilliance


   Skills:
 - Level 2.1 Dodging
 - Level 2.0 Stealth
 - Level 2.0 Spellcasting
 - Level 1.3 Conjurations
 * Level 6.2 Air Magic


You had 3 spell levels left.
You knew the following spells:

 Your Spells              Type           Power      Damage    Failure   Level
a - Shock                 Conj/Air       56%        1d6       4%          1
b - Static Discharge      Conj/Air       14%        N/A       6%          2

Your spell library contained the following spells:

 Spells                   Type           Power      Damage    Failure   Level
 Swiftness                Air            22%        N/A       4%          3
 Frozen Ramparts          Ice            2%         1d2       50%         3
 Airstrike                Air            11%        N/A       16%         4
 Ice Form                 Ice/Tmut       1%         N/A       88%         4
 Summon Ice Beast         Ice/Summ       1%         N/A       88%         4


Dungeon Overview and Level Annotations

Branches:
Dungeon (3/15)              Sewer (1/1)

Altars:


Innate Abilities, Weirdness & Mutations

You are a tree.
Your roots penetrate the ground, keeping you stationary.
You cannot be teleported.
You are immune to unholy pain and torment.
Your maximum health is greatly increased.
Your equipment is partially melded.
((You have a beak for a mouth.))
((You have claws for feet.))


Message History

The kobold is struck by an arc of lightning.
You kill the kobold!
The kobold brigand is struck by an arc of lightning!
The kobold brigand is heavily wounded.
The lightning grounds out.
The kobold brigand hits you with a +2 short sword of protection.
Unknown command.
Unknown command.
The kobold brigand attacks as you move away!
The kobold brigand hits you with a +2 short sword of protection!
* * * LOW HITPOINT WARNING * * *
Really quaff the potion of lignification?
You turn into a tree.
Your +0 robe melds into your body.
Your roots penetrate the ground.
The kobold brigand hits you but does no damage.
Unknown command.
Casting: Static Discharge (safe; 6% risk of failure)
Confirm with . or Enter, or press ? or * to list all spells.
Aiming: Shock (safe; 4% risk of failure)
Press: ? - help, Shift-Dir - straight line, f - kobold brigand
Aim: a kobold brigand, wielding a +2 short sword of protection and quivering poisoned darts (heavily wounded, 64% to hit)
The zap hits the kobold brigand.
The kobold brigand is severely wounded.
The kobold brigand hits you but does no damage.
Your magical contamination has completely faded away.
Unknown command.
Casting: Shock (safe; 4% risk of failure)
Confirm with . or Enter, or press ? or * to list all spells.
Aiming: Shock (safe; 4% risk of failure)
Press: ? - help, Shift-Dir - straight line, f/p - kobold brigand
Aim: a kobold brigand, wielding a +2 short sword of protection and quivering poisoned darts (heavily wounded, 64% to hit)
The zap hits the kobold brigand.
The kobold brigand is severely wounded.
The kobold brigand hits you with a +2 short sword of protection.
* * * LOW HITPOINT WARNING * * *
Unknown command.
You hit the kobold brigand but do no damage.
The kobold brigand is severely wounded.
The kobold brigand hits you with a +2 short sword of protection!
You die...

≈≈≈.......#
≈≈≈.......##
≈≈≈≈.......#
≈≈≈≈.......#
≈≈≈≈≈.......#
≈≈≈≈≈≈.....##
≈≈≈≈≈≈....##
≈≈≈≈≈≈....#
≈≈≈≈≈≈..♣.##
≈≈≈≈≈≈..K..#
≈≈≈≈≈≈...).#
≈≈≈≈≈≈....##
≈≈≈≈≈≈....#
≈#≈####)### ≈
... .....
##...##


You could see a kobold brigand.

Vanquished Creatures
  An adder (D:2)
  A dart slug (D:3)
  3 ball pythons
  4 endoplasms
  2 giant cockroaches (D:3)
  3 goblins
  2 hobgoblins (D:1)
  4 quokkas
  3 bats (D:1)
  A frilled lizard (D:1)
  4 kobolds
  9 rats
37 creatures vanquished.

Vanquished Creatures (collateral kills)
  A dart slug (D:2)
1 creature vanquished.

Grand Total: 38 creatures vanquished

Notes
Turn   | Place    | Note
-------+----------+-------------------------------------------
     0 | D:1      | quinnr the Tengu Air Elementalist began the quest for the
                  | Orb.
     0 | D:1      | Reached XP level 1. HP: 10/10 MP: 4/4
   360 | D:1      | Reached XP level 2. HP: 15/15 MP: 4/6
   635 | D:1      | Reached skill level 5 in Air Magic
  1246 | D:2      | Reached XP level 3. HP: 18/19 MP: 1/7
  1997 | D:3      | Reached skill level 6 in Air Magic
  2003 | D:3      | Learned a level 2 spell: Static Discharge
  2074 | D:3      | Found a glowing drain.
  2095 | Sewer    | Entered a sewer
  2242 | Sewer    | Noticed a kobold brigand
  2255 | Sewer    | Slain by a kobold brigand

Illustrated notes

Levels and vault maps discovered:
D:1:      psy_arrival_conway, layout_loops_ring
D:2:      layout_loops_ring, minmay_misc_feat_cross, minmay_statues_item,
          minmay_misc_feat_rows
D:3:      layout_loops_ring, cheibrodos_sewer_entry_drain,
          ebering_ecumenical_altar_webs, minmay_puff
Sewer:    sewer_minmay_treatment

Skill      XL: |  1  2  3 |
---------------+----------+-----
Air Magic      | 5 6 |  6.2
Dodging        | |  2.1
Stealth        | |  2.0
Spellcasting   | |  2.0
Conjurations   | |  1.3

Action                   || total
-------------------------++-------
Melee: Unarmed           ||     4
       Dagger            ||     2
       Kick              ||     1
 Cast: Shock             ||    80
       Static Discharge  ||     1
  Use: Scroll            ||     6
       Potion            ||     1
Armor: Robe              ||     2
       Skin              ||     2
Dodge: Dodged            ||     5

Table legend: (Time is in decaauts)
 A = Elapsed time spent in this place.
 B = Non-inter-level travel time spent in this place.
 C = Inter-level travel time spent in this place.
 D = Time resting spent in this place.
 E = Time spent auto-exploring this place.
 F = Levels seen in this place.
 G = Mean time per level.
                   A        B        C        D        E       F      G
               +--------+--------+--------+--------+--------+-----+--------+
         Total |   2261 |   2209 |     52 |     33 |   1887 |   4 |  565.2 |
       Dungeon |   2101 |   2049 |     52 |      0 |   1795 |   3 |  700.3 |
         Sewer |    159 |    159 |      0 |     33 |     92 |   1 |  159.0 |
               +--------+--------+--------+--------+--------+-----+--------+

Top non-repeatable levels by time:
     D:1: 1043 daAuts
     D:2: 948 daAuts
   Sewer: 159 daAuts
     D:3: 110 daAuts
